AoeStats
← Faku GT

Hideout

507949014Analyzed
1v1 RM · 11d ago on Sep 20, 2026· 47m 42s· 2 players
Game mode
Random Map
Map size
Tiny (2 player)
Population
200
Speed
Normal
Resources
Standard
Victory
Conquest
Starting age
Dark Age
Ending age
Imperial Age
RankedLock teamsTeams togetherTeam positionsShared explorationLock speedFull tech treeHidden civsTurbo modeCheats
Victory
Defeat
🇦🇷 Celts · Argentina
938
+15
🇩🇪 Bohemians · Germany
923
-15
Shaker
5:47 Loom
13:12 Feudal Age
14:31 Double-Bit Axe
17:19 Castle Age
15:11 Horse Collar
19:13 Forging
19:41 Wheelbarrow
22:12 Bow Saw
25:49 Scale Mail Armor
26:57 Squires
28:05 Pikeman
31:05 Chain Mail Armor
32:45 Hand Cart
35:14 Imperial Age
32:35 Light Cavalry
33:38 Hand Cart
36:01 Halberdier
41:13 Town Watch
43:09 Wagenburg Tactics
Faku GT
5:51 Loom
5:55 Loom
10:27 Feudal Age
10:53 Double-Bit Axe
10:49 Horse Collar
18:43 Castle Age
17:23 Gold Mining
17:24 Stone Mining
18:46 Wheelbarrow
20:39 Gold Shaft Mining
20:14 Bow Saw
20:10 Heavy Plow
19:36 Pikeman
20:25 Scale Mail Armor
20:36 Forging
23:53 Gold Shaft Mining
23:53 Stone Shaft Mining
26:08 Stone Shaft Mining
27:52 Iron Casting
27:32 Chain Mail Armor
27:21 Man-at-Arms
27:46 Gambesons
27:47 Arson
29:12 Long Swordsman
31:21 Hand Cart
37:22 Imperial Age
35:47 Stronghold
36:56 Chain Mail Armor
38:50 Conscription
38:57 Furor Celtica
39:00 Two-Handed Swordsman
39:04 Onager
39:04 Capped Ram
40:17 Champion
40:37 Halberdier
42:21 Blast Furnace
41:51 Plate Mail Armor
42:44 Siege Ram
44:09 Plate Mail Armor
44:19 Fletching
45:06 Siege Onager
45:48 Town Watch
46:42 Fortified Wall
46:12 Treadmill Crane
Connection lost

Rejoining the realm…

Still unreachable

The connection could not be restored.

Session expired

The server has moved on; the page needs a fresh start.